 Dungeon Crawl Stone Soup version 0.25-a0-589-g1e14c549ee (webtiles) character file.

Game seed: 97727195441331507, levelgen mode: deterministic

625 harry2680 the Covert (level 7, -6/46 HPs)
             Began as an Octopode Assassin on Mar 13, 2020.
             Was a Believer of Dithmenos.
             Killed by Freeze
             ... invoked by Thargor's ghost
              (10 damage)
             ... on level 5 of the Dungeon.
             The game lasted 00:16:22 (3230 turns).

harry2680 the Covert (Octopode Assassin)            Turns: 3230, Time: 00:16:23

Health: -6/46      AC:  1    Str: 10    XL:     7   Next: 47%
Magic:  0/7        EV: 14    Int: 14    God:    Dithmenos [**....]
Gold:   141        SH:  0    Dex: 15    Spells: 6/6 levels left

rFire    . . .     SeeInvis .   g - +2 dagger (freeze)
rCold    . . .     Gourm    .   (no shield)
rNeg     . . .     Faith    .   (helmet restricted)
rPois    +         Spirit   +   t - amulet of guardian spirit
rElec    .         Reflect  .   y - ring of poison resistance
rCorr    .         Harm     .   (no ring)
MR       .....                  (no ring)
Stlth    +++++++...             (no ring)
HPRegen  0.15/turn              (no ring)
MPRegen  0.10/turn              (no ring)
                                (no ring)
                                (no ring)

@: wreathed by umbra
A: almost no armour, stealthy swim, amphibious, 8 rings, constrict 8, camouflage
1, gelatinous body 1
a: Shadow Step, Renounce Religion


You were on level 5 of the Dungeon.
You worshipped Dithmenos.
Dithmenos was pleased with you.
You were not hungry.

You visited 1 branch of the dungeon, and saw 5 of its levels.

You collected 241 gold pieces.
You spent 100 gold pieces at shops.

Inventory:

Hand Weapons
 a - a +2 dagger
 e - a cursed +0 long sword
 g - a +2 dagger of freezing (weapon)
 A - a +1 whip of distortion
 C - a +2 morningstar of protection
 D - a +2 vorpal hand axe
 E - a +0 hand axe
Missiles
 b - 29 poisoned darts (quivered)
 c - 5 curare-tipped darts
 j - 128 stones
 l - 6 atropa-tipped darts
 m - 21 bolts
 s - 34 sling bullets
 v - 15 arrows
 F - 2 boomerangs
Jewellery
 t - an amulet of guardian spirit (around mantle)
 y - a ring of poison resistance (left tentacle)
Wands
 n - a wand of enslavement (8)
 G - a wand of polymorph (10)
Scrolls
 f - 2 scrolls of immolation
 h - 3 scrolls of noise
 k - a scroll of remove curse {unknown}
 o - a scroll of enchant armour {unknown}
 p - 2 scrolls of enchant weapon {unknown}
 r - 2 scrolls of teleportation {unknown}
 w - 2 scrolls of magic mapping
 I - a scroll of silence {unknown}
Potions
 i - a potion of magic {unknown}
 q - a potion of mutation {unknown}
 u - 2 potions of degeneration
 z - a potion of flight {unknown}
 H - a potion of stabbing {unknown}
Comestibles
 d - 7 rations
 B - 7 chunks of flesh


   Skills:
 + Level 3.0 Fighting
 + Level 4.0 Short Blades
 + Level 2.1 Throwing
 + Level 2.1 Dodging
 + Level 10.2 Stealth
 + Level 0.1 Evocations


You had 6 spell levels left.
You didn't know any spells.
Your spell library contained the following spells:

 Spells                   Type           Power        Failure   Level  Hunger
 Beastly Appendage        Tmut           #.....       28%         1    ##.....
 Corona                   Hex            #......      28%         1    ##.....
 Slow                     Hex            #.......     41%         2    ###....
 Sticks to Snakes         Tmut           #.......     41%         2    ###....
 Inner Flame              Hex/Fire       #.......     65%         3    ####...
 Portal Projectile        Hex/Tloc       #.....       65%         3    ####...
 Spider Form              Tmut/Pois      #.........   65%         3    ####...
 Cause Fear               Hex            #.........   96%         4    #####..
 Ice Form                 Ice/Tmut       #.......     96%         4    #####..
 Leda's Liquefaction      Hex/Erth       #.........   96%         4    #####..
 Blade Hands              Tmut           #.........   100%        5    ######.


Dungeon Overview and Level Annotations

Branches:
Dungeon (5/15)
 Temple: D:4-7

Altars:
Dithmenos

Shops:
D:4 *

Annotations:
D:5 Thargor's ghost, amateur MfIE


Innate Abilities, Weirdness & Mutations

You cannot wear most types of armour.
You are very stealthy in the water. (Stealth+)
You are amphibious.
You can wear up to eight rings at the same time.
You can use your tentacles to constrict eight enemies at once.
Your skin changes colour to match your surroundings (Stealth+).
Your rubbery body absorbs attacks. (AC +1, EV +1)


Message History

You are frozen.
You closely miss Thargor's ghost.
Thargor's ghost is almost destroyed.
Thargor's ghost barely misses you.
You miss Thargor's ghost.
Thargor's ghost is almost destroyed.
Thargor's ghost points at you and mumbles some strange words.
You are frozen.
You hit Thargor's ghost. You freeze Thargor's ghost.
Thargor's ghost is almost destroyed.
Thargor's ghost casts a spell at you.
You are frozen.
* * * LOW HITPOINT WARNING * * *
You closely miss Thargor's ghost. Your squeeze misses Thargor's ghost.
Thargor's ghost is almost destroyed.
You miss Thargor's ghost.
Thargor's ghost is almost destroyed.
Thargor's ghost gestures at you while chanting.
You are frozen.
You die...

.[.............
#########....##..)..
#...(.(.#...........
#((.....#...........
#....(..#........... ###
#..(....#.......[#.#
##...
#♣....(.#........### ....
###W''###.........# #..#
#..@.............##
#...##.#.......##....##
###.........#....####....
.......[...#.....## .....
...........###..## #...#
...........# #..# #.
...........# #...#
.............#.....
...................


You could see Thargor's ghost.

Vanquished Creatures
  Sigmund (D:4)
  An ogre (D:4)
  Blork the orc (D:4)
  A crimson imp (D:5)
  An orc priest (D:4)
  3 worker ants
  A hound skeleton (D:4)
  7 adders
  An ooze (D:1)
  An adder skeleton (D:4)
  2 worms
  3 dart slugs
  5 leopard geckos
  9 orcs
  8 bats
  3 giant cockroaches
  8 goblins
  5 hobgoblins
  4 jackals (D:1)
  5 quokkas
  A ball python (D:1)
  3 frilled lizards (D:3)
  2 kobolds
  5 rats
81 creatures vanquished.

Notes
Turn   | Place    | Note
-------+----------+-------------------------------------------
     0 | D:1      | harry2680 the Octopode Assassin began the quest for the
                  | Orb.
     0 | D:1      | Reached XP level 1. HP: 14/14 MP: 1/1
   305 | D:1      | Reached XP level 2. HP: 19/19 MP: 2/2
   359 | D:1      | Reached skill level 6 in Stealth
   514 | D:1      | Reached XP level 3. HP: 16/24 MP: 3/3
   918 | D:2      | Found a shadowy altar of Dithmenos.
   927 | D:2      | Became a worshipper of Dithmenos the Shadowed
   951 | D:2      | Reached skill level 7 in Stealth
  1100 | D:2      | Reached XP level 4. HP: 27/29 MP: 4/4
  1747 | D:3      | Reached * piety under Dithmenos
  1867 | D:3      | Reached XP level 5. HP: 23/35 MP: 3/5
  2212 | D:4      | Found Peehexerph's General Store.
  2217 | D:4      | Bought 2 potions of heal wounds for 100 gold pieces
  2470 | D:4      | Reached skill level 8 in Stealth
  2534 | D:4      | Noticed Blork the orc
  2544 | D:4      | Killed Blork the orc
  2544 | D:4      | Reached XP level 6. HP: 41/41 MP: 6/6
  2864 | D:4      | Noticed Sigmund
  2875 | D:4      | Killed Sigmund
  2875 | D:4      | Reached skill level 9 in Stealth
  2875 | D:4      | Reached XP level 7. HP: 45/45 MP: 7/7
  3051 | D:5      | Entered Level 5 of the Dungeon
  3064 | D:5      | Reached skill level 10 in Stealth
  3087 | D:5      | Reached ** piety under Dithmenos
  3164 | D:5      | Found a runed translucent gate.
  3164 | D:5      | Found a runed translucent gate.
  3164 | D:5      | Found a runed translucent gate.
  3164 | D:5      | Noticed Thargor's ghost (amateur MfIE)
  3230 | D:5      | Killed from afar by Thargor's ghost

Levels and vault maps discovered:
D:1:      wander_arrival_desolate, layout_basic
D:2:      layout_loops_ring, first_ration, lemuel_altar_in_water
D:3:      layout_loops_cross
D:4:      layout_gridville, serial_shops, shop, uniq_blork_the_orc, uniq_sigmund
D:5:      layout_cave_pools, ebering_ghost_rock_garden, serial_bayou,
          serial_bayou_pond_c, serial_bayou_lake_a, serial_bayou_lagoon_a,
          serial_bayou_pond_d, uniq_ijyb

Skill      XL: |  1  2  3  4  5  6  7 |
---------------+----------------------+-----
Stealth        | 6 7 8 9 10 | 10.2
Short Blades   | 3 4 |  4.0
Dodging        | 2 |  2.1
Fighting       | 3 |  3.0
Throwing       | |  2.1
Evocations     | |  0.1

Action                   |  1- 3 |  4- 6 |  7- 9 || total
-------------------------+-------+-------+-------++-------
Melee: Dagger            |    50 |    69 |    57 ||   176
       Tentacles         |    11 |     6 |    14 ||    31
       Constrict         |    14 |    16 |     5 ||    35
Throw: Dart              |     4 |       |       ||     4
Evoke: Wand              |       |     1 |       ||     1
  Use: Scroll            |       |     2 |     2 ||     4
       Potion            |       |       |     4 ||     4
 Stab: Sleeping          |    14 |    22 |     4 ||    40
  Eat: Chunk             |     1 |     5 |     1 ||     7
Armor: Skin              |       |     3 |     1 ||     4
Dodge: Dodged            |    26 |    32 |    20 ||    78

Table legend:
 A = Non-vault XP
 B = Vault XP
 C = Vault XP percentage of total XP
 D = Non-vault monster count
 E = Vault monster count
 F = Vault count percentage of total count
                 A         B        C        D         E       F
            +---------+---------+-------+---------+---------+-------
      Total |     567 |     326 |  36.5 |      79 |       2 |   2.5
            +---------+---------+-------+---------+---------+-------
        D:1 |      48 |       0 |   0.0 |      21 |       0 |   0.0
        D:2 |      41 |       0 |   0.0 |      15 |       0 |   0.0
        D:3 |      98 |       0 |   0.0 |      22 |       0 |   0.0
        D:4 |     259 |     326 |  55.7 |      16 |       2 |  11.1
        D:5 |     121 |       0 |   0.0 |       5 |       0 |   0.0
            +---------+---------+-------+---------+---------+-------
